 Dungeon Crawl Stone Soup version 0.17-a0-2101-g0c122e7 (webtiles) character file.

8885 kosy22 the Blocker (level 11, 0/94 HPs)
             Began as a Hill Orc Fighter on Oct 12, 2015.
             Was a Priest of Beogh.
             Killed from afar by a deep elf mage (29 damage)
             ... with a bolt of magma
             ... on level 11 of the Dungeon on Oct 18, 2015.
             The game lasted 00:33:52 (11521 turns).

kosy22 the Blocker (Hill Orc Fighter)              Turns: 11521, Time: 00:33:52

Health: 0/94       AC: 24    Str: 23    XL:     11   Next: 37%
Magic:  11/11      EV:  9    Int:  8    God:    Beogh [***...]
Gold:   592        SH: 21    Dex: 16    Spells: 0 memorised, 10 levels left

rFire  x . .     SeeInvis +     p - +8 dagger (protect)
rCold  . . .     Clarity  +     j - +1 chain mail of the Doldrums {rF- Dex+6 SInv Stlth+}
rNeg   . . .     SustAt   .     H - +1 large shield
rPois  .         Gourm    .     (no helmet)
rElec  .         Spirit   .     (no cloak)
rCorr  .         Warding  .     E - +2 pair of gloves
rMut   .         Stasis   .     (no boots)
MR     +....                    (no amulet)
Stlth  ..........               x - ring of protection from magic
                                y - +3 ring of protection

@: lethally poisoned (0 -> -4), somewhat resistant to hostile enchantments,
extremely unstealthy
A: clarity, mutation resistance 1, wild magic 1
a: Smiting, Renounce Religion


You were on level 11 of the Dungeon.
You worshipped Beogh.
Beogh was most pleased with you.
You were hungry.

You visited 1 branch of the dungeon, and saw 11 of its levels.

You collected 608 gold pieces.
You spent 16 gold pieces at shops.

Inventory:

Hand Weapons
 a - a +0 war axe
 p - a +8 dagger of protection (weapon)
 A - the +6 Majin-Bo {vamp, Archmagi MP+6 Int+6}
   (You found it on level 10 of the Dungeon)

   It inflicts no extra harm, but heals its wielder somewhat when it strikes a
   living foe.
   It affects your intelligence (+6).
   It affects your magic capacity (+6).
 M - a +0 hunting sling
Missiles
 J - 4 tomahawks (quivered)
Armour
 b - a +0 scale mail
 c - a +0 shield
 j - the +1 chain mail of the Doldrums (worn) {rF- Dex+6 SInv Stlth+}
   (You found it on level 4 of the Dungeon)

   It affects your dexterity (+6).
   It makes you vulnerable to fire.
   It lets you see invisible.
   It makes you more stealthy.
 E - a +2 pair of gloves (worn)
 H - a +1 large shield (worn)
Jewellery
 f - an uncursed ring of magical power
 x - a ring of protection from magic (right hand)
 y - a +3 ring of protection (left hand)
Wands
 s - a wand of flame (9)
 C - a wand of fire (6)
 G - a wand of confusion (48)
 P - a wand of flame (12)
Scrolls
 l - 5 scrolls of remove curse
 m - 3 scrolls of amnesia
 o - a scroll of recharging
 r - a scroll of enchant armour
 u - a scroll of random uselessness
 w - 3 scrolls of teleportation
 D - 2 scrolls of identify
 K - a scroll of fear {unknown}
 L - a scroll of blinking
 R - a scroll of vulnerability {unknown}
 S - a scroll of magic mapping {unknown}
Potions
 d - 2 potions of might
 i - a potion of brilliance
 k - 3 potions of degeneration
 F - 2 potions of flight
 I - a potion of ambrosia
Books
 q - a book of Enchantments

   Spells                             Type                      Level
   a - Cause Fear                     Hexes                        4
   b - Silence                        Hexes/Air                    5
   c - Deflect Missiles               Charms/Air                   6
   d - Haste                          Charms                       6
   e - Discord                        Hexes                        8
Comestibles
 e - 4 bread rations
 g - 3 meat rations
 h - 3 beef jerkies
 n - 16 fruits
 v - 2 slices of pizza
 B - a royal jelly


   Skills:
 + Level 8.0 Fighting
 + Level 6.5 Short Blades
 + Level 3.1 Axes
 + Level 8.3 Armour
 + Level 5.8 Dodging
 + Level 0.8 Stealth
 + Level 12.3 Shields


You had 10 spell levels left.
You didn't know any spells.

Dungeon Overview and Level Annotations

Branches:
Dungeon (11/15)            Temple (0/1) D:7
   Lair: D:8-11         Orc: D:9-12

Altars:
Dithmenos
Elyvilon
Fedhas

Shops:
D:6 *[}%(   D:7 [


Innate Abilities, Weirdness & Mutations

You possess an exceptional clarity of mind.
You are somewhat resistant to further mutation.
Your spells are a little harder to cast, but a little more powerful.


Message History

* * * LOW HITPOINT WARNING * * *
The deep elf mage hits you but does no damage.
Drink which item? (? for menu, Esc to quit)
It was a potion of poison.
That liquid tasted very nasty...
You are poisoned.
You feel sick. You block the troll's attack. You block the troll's attack.
The troll claws you but does no damage.
The deep elf mage hits you but does no damage.
Drink which item? (? for menu, Esc to quit)
It was a potion of heal wounds.
You feel much better.
You feel sick. You block the troll's attack. x3
The deep elf mage points at you and mumbles some strange words.
The stone arrow hits you!
You puncture the troll!
You kill the troll!
Beogh accepts your kill.
You feel sick. You block the deep elf mage's attack.
The deep elf mage points at you and mumbles some strange words.
The bolt of magma hits you! The lava burns you terribly!
You die...

#.# #....# .#
#....#
####....#
.......#
#......#
#......#
#......#
#.e@...#
#.<....#
#+###......#
...........#
#########..#
#..#
#..###########
#.............
##...........>.


You could see a deep elf mage.

Vanquished Creatures
  3 hill giants (D:11)
  Joseph (D:8)
  A gargoyle (D:11)
  A troll (D:11)
  A two-headed ogre (D:11)
  2 wyverns
  A deep elf mage (D:11)
  A wraith (D:11)
  A steam dragon (D:10)
  Grum (D:8)
  Menkaure (D:4)
  3 hungry ghosts (D:9)
  2 wolves (D:8)
  A necrophage (D:9)
  3 sky beasts
  5 ice beasts
  5 ogres
  2 orc warriors
  An eye of draining (D:9)
  A black bear (D:6)
  3 centaurs (D:10)
  A wasp (D:10)
  5 giant frogs
  A big kobold (D:11)
  A gnoll sergeant (D:8)
  A wyvern skeleton (D:7)
  A water moccasin skeleton (D:7)
  5 scorpions
  8 wights
  8 killer bees
  6 hounds
  3 crimson imps
  2 giant frog skeletons
  11 orc wizards
  2 jellies (D:6)
  2 orc priests
  A gnoll shaman (D:4)
  3 iguanas
  6 worker ants
  A hound zombie (D:6)
  3 hound skeletons
  9 gnolls
  A worker ant zombie (D:9)
  4 river rats (D:3)
  11 adders
  4 shadow imps
  3 oozes
  A worm (D:2)
  5 giant geckos
  15 orcs
  2 ball pythons (D:3)
  5 bats
  4 giant cockroaches
  10 hobgoblins
  14 jackals
  A giant gecko skeleton (D:4)
  A giant gecko zombie (D:7)
  10 giant newts
  11 goblins
  A jackal skeleton (D:5)
  A jackal zombie (D:8)
  4 kobolds
  10 rats
  A butterfly (D:7)
  2 plants (D:3)
241 creatures vanquished.

Vanquished Creatures (others)
  An octopode (D:1)
  A draconian (D:1)
  A gargoyle (D:1)
  A formicid (D:1)
  A spriggan (D:1)
  A human (D:1)
  3 dwarves (D:1)
  An ogre (D:1)
  2 mummies (D:1)
  3 orcs
  2 kobolds (D:1)
  3 plants (D:3)
  4 tentacles (D:1)
  52 tentacle segments (D:1)
76 creatures vanquished.

Grand Total: 317 creatures vanquished

Notes
Turn   | Place    | Note
--------------------------------------------------------------
     0 | D:1      | kosy22 the Hill Orc Fighter began the quest for the Orb.
     0 | D:1      | Reached XP level 1. HP: 19/19 MP: 1/1
     2 | D:1      | Noticed a dwarf
     2 | D:1      | Noticed a gargoyle
     2 | D:1      | Noticed an ogre
     2 | D:1      | Noticed an octopode
     2 | D:1      | Noticed a draconian
     2 | D:1      | Noticed a human
     2 | D:1      | Noticed a kraken
     2 | D:1      | Noticed a formicid
     2 | D:1      | Noticed a dwarf
     2 | D:1      | Noticed a spriggan
     2 | D:1      | Noticed a dwarf
     4 | D:1      | Killed a spriggan
     4 | D:1      | Killed a formicid
     5 | D:1      | Killed a dwarf
     5 | D:1      | Killed a dwarf
     5 | D:1      | Killed a gargoyle
     6 | D:1      | Killed an octopode
     7 | D:1      | Killed a human
     9 | D:1      | Killed a draconian
    10 | D:1      | Killed an ogre
    10 | D:1      | Killed a dwarf
   140 | D:1      | Reached XP level 2. HP: 27/27 MP: 2/2
   194 | D:1      | Reached skill level 4 in Fighting
   478 | D:1      | Reached XP level 3. HP: 23/33 MP: 3/3
   913 | D:2      | Reached skill level 1 in Dodging
   936 | D:2      | Reached XP level 4. HP: 40/40 MP: 4/4
  1328 | D:2      | Upgraded the game from 0.17-a0-2064-g265a032 to 0.17-a0-2069-g0f4ee5b
  1398 | D:2      | Found a faded altar to an unknown god.
  1704 | D:3      | Reached XP level 5. HP: 25/47 MP: 5/5
  2051 | D:3      | Found a blossoming altar of Fedhas.
  2826 | D:4      | Reached skill level 1 in Short Blades
  2826 | D:4      | Reached XP level 6. HP: 53/53 MP: 6/6
  2830 | D:4      | Reached skill level 5 in Shields
  3430 | D:4      | Found a white marble altar of Elyvilon.
  3446 | D:4      | Reached XP level 7. HP: 55/60 MP: 7/7
  3488 | D:4      | Became a worshipper of Beogh the Brigand
  3533 | D:4      | Reached skill level 5 in Fighting
  3712 | D:4      | Got a bloodstained chain mail
  3723 | D:4      | Identified the +1 chain mail of the Doldrums {rF- Dex+6 SInv Stlth+} (You found it on level 4 of the Dungeon)
  3742 | D:4      | Noticed Menkaure
  3753 | D:4      | Killed Menkaure
  3753 | D:4      | Reached skill level 5 in Armour
  4165 | D:5      | Entered Level 5 of the Dungeon
  4774 | D:5      | Reached XP level 8. HP: 57/68 MP: 8/8
  4996 | D:5      | Reached skill level 6 in Armour
  5367 | D:6      | Reached * piety under Beogh
  5491 | D:6      | Found Keffeew's Gadget Emporium.
  5587 | D:6      | Found Bidwar's Antique Weapon Boutique.
  5700 | D:6      | Found Yckolu Wofa's Food Boutique.
  5708 | D:6      | Bought a slice of pizza for 16 gold pieces
  6286 | D:6      | Found Madeh's Assorted Antiques.
  6350 | D:6      | Found Xoegaip's Armour Shoppe.
  6526 | D:7      | Reached skill level 7 in Shields
  6549 | D:7      | Found a staircase to the Ecumenical Temple.
  6581 | D:7      | Reached XP level 9. HP: 75/75 MP: 9/9
  6765 | D:7      | Found Oczeebb's Antique Armour Shop.
  7339 | D:8      | Gained mutation: You possess an exceptional clarity of mind. [mutagenic meat]
  7625 | D:8      | Noticed Grum
  7638 | D:8      | Reached skill level 8 in Shields
  7657 | D:8      | Killed Grum
  7778 | D:8      | Reached skill level 5 in Short Blades
  7988 | D:8      | Reached ** piety under Beogh
  8010 | D:8      | Reached skill level 9 in Shields
  8277 | D:8      | Noticed Joseph
  8314 | D:8      | Killed Joseph
  8314 | D:8      | Reached XP level 10. HP: 52/84 MP: 10/10
  8405 | D:8      | Found a shadowy altar of Dithmenos.
  8771 | D:9      | Reached skill level 10 in Shields
  8882 | D:9      | Reached skill level 5 in Dodging
  9559 | D:9      | Reached *** piety under Beogh
  9632 | D:9      | Found a blossoming altar of Fedhas.
  9805 | D:10     | Entered Level 10 of the Dungeon
 10007 | D:10     | Gained mutation: Your spells are a little harder to cast, but a little more powerful. [potion of mutation]
 10007 | D:10     | Gained mutation: You are somewhat resistant to further mutation. [potion of mutation]
 10119 | D:10     | Reached skill level 11 in Shields
 10608 | D:10     | Upgraded the game from 0.17-a0-2069-g0f4ee5b to 0.17-a0-2101-g0c122e7
 10803 | D:11     | Noticed a hill giant
 10808 | D:11     | Noticed a hill giant
 10822 | D:11     | Reached XP level 11. HP: 92/92 MP: 11/11
 10839 | D:11     | Killed a hill giant
 10855 | D:11     | Killed a hill giant
 10874 | D:11     | Reached skill level 12 in Shields
 11216 | D:11     | Noticed a hill giant
 11221 | D:11     | Noticed a hill giant
 11229 | D:11     | Killed a hill giant
 11521 | D:11     | Killed from afar by a deep elf mage

Vault maps used:
D:1:      nicolae_arrival_kraken_aquarium_b, minmay_misc_feat_more_columns,
          minmay_lizard_king
D:2:      ecumenical_altar_2, first_bread
D:3:      wad_woods_stonehenge, dk_noncrumbling_4
D:4:      lemuel_round_altar, uniq_menkaure
D:6:      minmay_klotski, serial_shops, nicolae_shop_trees, nicolae_shop_stone,
          shop, shop_statue, shop
D:7:      minmay_temple_entry_butterflies, serial_shops,
          nicolae_shop_behind_doors
D:8:      grunt_dithmenos_smoke, uniq_grum, uniq_joseph
D:9:      hangedman_tree_tricks, kennysheep_cross_room
D:10:     hangedman_decor_opposing, moated_statue
D:11:     minmay_imperfect_grid

Action                   |  1- 3 |  4- 6 |  7- 9 | 10-12 || total
-------------------------+-------+-------+-------+-------++-------
Melee: War axe           |   106 |     8 |       |       ||   114
       Dagger            |       |   483 |   550 |   554 ||  1587
Invok: Convert to Beogh  |       |       |     1 |       ||     1
Evoke: Wand              |       |     2 |       |       ||     2
  Use: Scroll            |     1 |     7 |     4 |    14 ||    26
       Potion            |       |     4 |     1 |     8 ||    13
  Eat: Meat ration       |       |     1 |     2 |     2 ||     5
       Bread ration      |       |     1 |     1 |       ||     2
       Beef jerky        |       |       |     3 |       ||     3
       Chunk             |       |       |     1 |     1 ||     2
       Fruit             |       |       |       |     3 ||     3
